 Dungeon Crawl Stone Soup version 0.29-a0-1039-gfc20370e89 (webtiles) character file.

Game seed: 8891034783240015900

47 KleinerIrrer the Insei (level 3, -1/27 HPs)
             Began as a Djinni Transmuter on Aug 15, 2022.
             Slain by an adder (2 damage)
             ... on level 1 of the Dungeon.
             The game lasted 00:03:25 (1955 turns).

KleinerIrrer the Insei (Djinni Transmuter)          Turns: 1955, Time: 00:03:26

Health: -1/27      AC:  2    Str:  9    XL:     3   Next: 97%
Gold:   66         EV:  9    Int: 16    God:
                   SH:  0    Dex: 13

rFire   + + +      SeeInvis .     - Unarmed
rCold   x . .      Faith    .   (no shield)
rNeg    . . .      Spirit   .   a - +0 robe
rPois   ∞          Reflect  .   (helmet currently unavailable)
rElec   .          Harm     .   (no cloak)
rCorr   .          Rampage  .   (no gloves)
Will    .....                   (boots unavailable)
Stlth   +.........              (no amulet)
HPRegen 0.09/turn               f - ring of protection from fire
MPRegen 0.00/turn               (no ring)

@: about to teleport, appendages (expiring), wereblooded, flying, constricted
A: horns 2, flying, sickness immunity, fire resistance 2, cold vulnerability 1,
float, innate caster, HP casting, extra vitality 1
a: End Transformation


You were on level 1 of the Dungeon.
You had temporarily grown beastly horns.
You visited 1 branch of the dungeon, and saw 2 of its levels.

You collected 66 gold pieces.

Inventory:

Missiles
 e - 2 poisoned darts
Armour
 a - a +0 robe (worn)
Jewellery
 f - a ring of protection from fire (left hand)
Scrolls
 b - a scroll of silence
 d - a scroll of vulnerability {unknown}


   Skills:
 - Level 1.0 Fighting
 - Level 2.1 Dodging
 * Level 3.9 Unarmed Combat
 - Level 2.3 Spellcasting


You couldn't memorise any spells.
You knew the following spells:

 Your Spells              Type           Power      Damage    Failure   Level
a - Beastly Appendage     Tmut           18%        N/A       8%          1
b - Wereblood             Tmut           9%         N/A       12%         2
c - Spider Form           Tmut/Pois      9%         N/A       24%         3
d - Ice Form              Ice/Tmut       9%         N/A       61%         4
e - Apportation           Tloc           18%        N/A       8%          1
Your spell library was empty.

Dungeon Overview and Level Annotations

Branches:
Dungeon (2/15)

Altars:


Innate Abilities, Weirdness & Mutations

You have temporarily grown beastly horns.
You are flying.
You are immune to sickness and miasma.
You are immune to poison.
Your flesh is very heat resistant. (rF++)
You are vulnerable to cold. (rC-)
You float through the air rather than walking.
You learn spells naturally, not from books.
Your magical power is your life essence.
You have superior vitality. (+4 MHP)


Message History

Okay, then.
Casting: Beastly Appendage (safe; 8% risk of failure)
Confirm with . or Enter, or press ? or * to list all spells.
Your blood is infused with primal strength.
The adder bites you but does no damage. The ball python bites you.
The ball python constricts you. The adder closely misses you.
The ball python misses you. The ball python constricts you.
You closely miss the adder. The adder bites you but does no damage.
The ball python closely misses you. The ball python constricts you.
You barely miss the adder. Your punch misses the adder.
The adder closely misses you. The ball python closely misses you.
The ball python constricts you.
You closely miss the ball python. The adder bites you.
The ball python closely misses you. The ball python constricts you.
You hit the ball python but do no damage.
Your headbutt misses the ball python. The adder bites you.
* * * LOW HITPOINT WARNING * * *
The ball python bites you but does no damage.
The ball python constricts you.
* * * LOW HITPOINT WARNING * * *
You barely miss the ball python. The adder closely misses you.
The ball python closely misses you. The ball python constricts you.
* * * LOW HITPOINT WARNING * * *
The adder closely misses you.
You aren't carrying any potions.
Unknown command.
You aren't carrying any potions.
Unknown command.
As you read the scroll labelled VOG ZYIB KOE, it crumbles to dust.
It is a scroll of identify.
g - a scroll of teleportation The ball python bites you.
* * * LOW HITPOINT WARNING * * *
The ball python constricts you. The adder barely misses you.
As you read the scroll of teleportation, it crumbles to dust.
You feel strangely unstable.
Your transformation is almost over.
The ball python bites you but does no damage.
The ball python constricts you. The adder bites you.
You die...

#.##)##.# #.........†..
#.##.##.#
########..#.##.
#######.......#####...#
#.......
....................#.#
##.#..##
.######.......#####...#
#.##### .#
#.......######.###
#.##### .####
#.......##.......#
#...... ....#
#.......##S###.#.#
####### .##.#
#.......##@###.#.#
.##.#
#.......##S##..#.#
..#.#
#.......##.##.##.#
#...#
#.......##.##.##.#
###.#
#.......##.......#
....#
#.......#.....####
###.# #.......#.###.#
##.###.......#.#...#
##.......######.#.#.#


You could see an adder and a ball python.

Vanquished Creatures
  A gnoll (D:1)
  An adder (D:1)
  A ball python (D:1)
  2 endoplasms (D:1)
  2 goblins (D:1)
  2 hobgoblins (D:1)
  4 jackals (D:1)
  2 quokkas (D:1)
  3 bats (D:1)
  3 frilled lizards (D:1)
  3 kobolds (D:1)
  3 rats
27 creatures vanquished.

Notes
Turn   | Place    | Note
-------+----------+-------------------------------------------
     0 | D:1      | KleinerIrrer the Djinni Transmuter began the quest for the
                  | Orb.
     0 | D:1      | KleinerIrrer set off with the following spells memorised:
                  | Beastly Appendage, Wereblood, Spider Form, Ice Form.
     0 | D:1      | Reached XP level 1. HP: 17/17 MP: 0/0
   132 | D:1      | Reached XP level 2. HP: 13/22 MP: 0/0
   621 | D:1      | Reached XP level 3. HP: 9/27 MP: 0/0
   621 | D:1      | Learned a level 1 spell: Apportation
  1954 | D:1      | HP: 1/27 [ball python (3)]
  1955 | D:1      | Slain by an adder

Illustrated notes

Levels and vault maps discovered:
D:1:      lightli_arrival_noodles, layout_loops_cross
D:2:      layout_rooms, hellmonk_ecumenical_altar_lost_god, serial_shops,
          nicolae_shop_bloodbath_and_beyond, serial_curves, eino_curves_01,
          eino_curves_02, minmay_circle_x

Skill      XL: |  1 |
---------------+----+-----
Spellcasting   | 2 |  2.3
Fighting       | |  1.0
Dodging        | |  2.1
Unarmed Combat | |  3.9

Action                   || total
-------------------------++-------
Melee: Unarmed           ||   115
       Headbutt          ||    14
       Punch             ||     2
 Cast: Beastly Appendage ||    22
       Wereblood         ||     1
  Use: Potion            ||     1
       Scroll            ||     3
 Stab: Sleeping          ||     3
Armor: Robe              ||    28
       Skin              ||     3
Dodge: Dodged            ||    96

Table legend: (Time is in decaauts)
 A = Elapsed time spent in this place.
 B = Non-inter-level travel time spent in this place.
 C = Inter-level travel time spent in this place.
 D = Time resting spent in this place.
 E = Time spent auto-exploring this place.
 F = Levels seen in this place.
 G = Mean time per level.
                   A        B        C        D        E       F      G
               +--------+--------+--------+--------+--------+-----+--------+
         Total |   1948 |   1911 |     37 |    429 |   1261 |   2 |  974.0 |
       Dungeon |   1948 |   1911 |     37 |    429 |   1261 |   2 |  974.0 |
               +--------+--------+--------+--------+--------+-----+--------+

Top non-repeatable levels by time:
     D:1: 1904 daAuts
     D:2: 44 daAuts
